 Dungeon Crawl Stone Soup version 0.19-a0-1886-gd64a0f0 (webtiles) character file.

115 Naow the Shield-Bearer (level 5, 0/41 HPs)
             Began as a Formicid Fighter on Oct 16, 2016.
             Slain by a bullfrog skeleton (3 damage)
             ... on level 4 of the Dungeon.
             The game lasted 00:02:07 (975 turns).

Naow the Shield-Bearer (Formicid Fighter)            Turns: 975, Time: 00:02:07

Health: 0/41       AC:  7    Str: 27    XL:     5   Next: 20%
Magic:  5/5        EV:  8    Int:  7    God:
Gold:   25         SH: 10    Dex: 10    Spells: 0 memorised, 4 levels left

rFire  . . .     SeeInvis +     a - +0 war axe
rCold  . . .     Gourm    .     b - +0 scale mail
rNeg   . . .     Faith    .     c - +0 shield
rPois  .         Spirit   .     (helmet unavailable)
rElec  .         Dismiss  .     (no cloak)
rCorr  .         Reflect  .     (no gloves)
MR     .....     Harm     .     (no boots)
Stlth  ..........               (no amulet)
                                (no ring)
                                (no ring)

@: mighty, lethally poisoned (0 -> -8)
A: permanent stasis, dig shafts and tunnels, four strong arms, antennae 3
a: Dig, Shaft Self


You were on level 4 of the Dungeon.
You were not hungry.

You visited 1 branch of the dungeon, and saw 3 of its levels.

You collected 25 gold pieces.

Inventory:

Hand Weapons
 a - a +0 war axe (weapon)
Armour
 b - a +0 scale mail (worn)
 c - a +0 shield (worn)
Scrolls
 e - a scroll of amnesia {unknown}
 l - a scroll of teleportation {unknown}
 n - a scroll of identify {unknown}
 o - a scroll of magic mapping {unknown}
Potions
 j - a potion of haste {unknown}
 m - a potion of resistance {unknown}
 p - a potion of berserk rage {unknown}
Comestibles
 f - 2 bread rations
 g - 2 meat rations
 h - a beef jerky
 i - a chunk of flesh
 k - 3 fruits


   Skills:
 - Level 3.2 Fighting
 + Level 3.3 Axes
 + Level 4.1 Armour
 + Level 4.9 Shields


You had 4 spell levels left.
You didn't know any spells.

Dungeon Overview and Level Annotations

Branches:
Dungeon (2/15)

Altars:
Ru


Innate Abilities, Weirdness & Mutations

You are under a permanent stasis effect.
You can dig through walls and to a lower floor.
Your four strong arms can wield two-handed weapons with a shield.
You have a pair of large antennae on your head. (SInv)


Message History

The scorpion stings you.
* * * LOW HITPOINT WARNING * * *
You are too injured to fight recklessly!
You are too injured to fight recklessly!
You are too injured to fight recklessly!
You slash the scorpion!
The scorpion is heavily wounded.
You hit the bullfrog skeleton.
* * * LOW HITPOINT WARNING * * *
You feel sick.
You block the bullfrog skeleton's attack.
The bullfrog skeleton hits you.
* * * LOW HITPOINT WARNING * * *
The scorpion barely misses you.
You barely miss the scorpion.
The scorpion is heavily wounded.
You barely miss the bullfrog skeleton.
* * * LOW HITPOINT WARNING * * *
You feel sick. The bullfrog skeleton hits you.
You die...

+.....................
###..................
#.................
#................
..#(..............
..................
...#...............
.......?...........
...........@Z......
...........s......
..................
###...............
#...............
................
................
...............


You could see a scorpion and a bullfrog skeleton.

Vanquished Creatures
  A centaur skeleton (D:4)
  3 adders (D:2)
  An adder skeleton (D:4)
  A worm (D:2)
  3 dart slugs
  3 leopard geckos
  2 bats
  4 giant cockroaches
  6 hobgoblins
  3 jackals (D:4)
  A ball python (D:1)
  A goblin (D:2)
  11 kobolds
  A leopard gecko skeleton (D:4)
  2 rats (D:1)
43 creatures vanquished.

Notes
Turn   | Place    | Note
-------+----------+-------------------------------------------
     0 | D:1      | Naow the Formicid Fighter began the quest for the Orb.
     0 | D:1      | Reached XP level 1. HP: 18/18 MP: 1/1
    70 | D:1      | Reached XP level 2. HP: 24/24 MP: 2/2
   221 | D:1      | Reached XP level 3. HP: 29/29 MP: 3/3
   609 | D:2      | Reached XP level 4. HP: 35/35 MP: 4/4
   838 | D:2      | You fall through a shaft for 2 floors!
   845 | D:4      | Found a sacrificial altar of Ru.
   960 | D:4      | Reached XP level 5. HP: 36/41 MP: 5/5
   975 | D:4      | Slain by a bullfrog skeleton

Vault maps used:
D:1:      lemuel_arrival_cross
D:2:      first_bread, kennysheep_nondescript
D:4:      nicolae_ru_awakened_eye

Skill      XL: |  1  2  3  4 |
---------------+-------------+-----
Shields        | 4 |  4.9
Armour         | 4 |  4.1
Axes           | 3 |  3.3
Fighting       | |  3.2

Action                   |  1- 3 |  4- 6 || total
-------------------------+-------+-------++-------
Melee: War axe           |    82 |    53 ||   135
  Use: Potion            |       |     1 ||     1
  Eat: Chunk             |       |     1 ||     1
Armor: Scale mail        |    45 |    37 ||    82
Dodge: Dodged            |    31 |    25 ||    56
Block: Shield            |    54 |    37 ||    91
